 Dungeon Crawl Stone Soup version 0.25.1-8-g42b30a86e7 (webtiles) character file.

Game seed: 5595522569689822862

54 KamiKatze the Skirmisher (level 3, 0/33 HPs)
             Began as a Draconian Berserker on Dec 16, 2020.
             Was a Believer of Trog.
             Slain by a hobgoblin
             ... wielding a +0 club
              (1 damage)
             ... on level 2 of the Dungeon.
             The game lasted 00:03:36 (832 turns).

KamiKatze the Skirmisher (Draconian Berserker)       Turns: 832, Time: 00:03:37

Health: 0/33       AC:  5    Str: 18 (20) XL:     3   Next: 66%
Magic:  3/3        EV: 12    Int:  4 (7)  God:    Trog [**....]
Gold:   31         SH:  0    Dex:  9 (10) Spells: 2/2 levels left

rFire    . . .     SeeInvis .   a - +0 hand axe
rCold    . . .     Gourm    .   (no shield)
rNeg     . . .     Faith    .   (armour unavailable)
rPois    .         Spirit   .   (helmet restricted)
rElec    .         Reflect  .   (no cloak)
rCorr    .         Harm     .   (no gloves)
MR       .....                  (no boots)
Stlth    +.........             (no amulet)
HPRegen  0.11/turn              (no ring)
MPRegen  0.08/turn              (no ring)

@: berserk cooldown, flying, slowed, very slow
A: unfitting armour, cold-blooded, AC +5
a: Berserk, Trog's Hand, Renounce Religion


You were on level 2 of the Dungeon.
You worshipped Trog.
Trog was pleased with you.
You were not hungry.

You visited 1 branch of the dungeon, and saw 2 of its levels.

You collected 31 gold pieces.

Inventory:

Hand Weapons
 a - a +0 hand axe (weapon)
Missiles
 e - 11 poisoned darts (quivered)
Scrolls
 d - a scroll of random uselessness {unknown}
 f - a scroll of amnesia {unknown}
 g - 2 scrolls of remove curse {unknown}
 h - 3 scrolls of blinking {unknown}
 i - 2 scrolls of enchant weapon {unknown}
 j - a scroll of teleportation {unknown}
Comestibles
 b - 2 rations
 c - 6 chunks of flesh


   Skills:
 + Level 3.8 Fighting
 * Level 3.7 Axes
 - Level 1.0 Throwing
 + Level 3.0 Dodging


You had 2 spell levels left.
You didn't know any spells.
Your spell library was empty.

Dungeon Overview and Level Annotations

Branches:
Dungeon (2/15)

Altars:
The Shining One


Innate Abilities, Weirdness & Mutations

Your plain brown scales are hard. (AC +5)
You cannot fit into any form of body armour.
You are cold-blooded and may be slowed by cold attacks.


Message History

* * * LOW HITPOINT WARNING * * *
You feel sick.
* * * LOW HITPOINT WARNING * * *
You feel sick.
* * * LOW HITPOINT WARNING * * *
You feel sick.
* * * LOW HITPOINT WARNING * * *
You feel sick.
It was a potion of flight.
You feel very buoyant.
You fly up into the air.
* * * LOW HITPOINT WARNING * * *
You feel sick.
You are no longer poisoned.
It was a potion of degeneration.
There was something very wrong with that liquid.
You feel weakened.
You feel dopey.
You feel clumsy. The hobgoblin closely misses you.
You fail to use your ability.
The hobgoblin hits you with a +0 club.
You die...

#.#.#.#.# #.#.#...#
#...).### ###.### #.#
#.# .## #.# ..# #g#
#.# #@##### #.#
#.....######
##.#####..##.##...#
#.....##...#.##.#.#
#..........#....#.#
#.....#..#.######.#
###........# #.#
##..#...## #.#
############..##..####
#.#


You could see a hobgoblin.

Vanquished Creatures
  An adder (D:2)
  An ooze (D:1)
  2 dart slugs
  A leopard gecko (D:1)
  A giant cockroach (D:1)
  6 goblins
  4 hobgoblins (D:1)
  A jackal (D:2)
  A quokka (D:2)
  6 bats
  2 frilled lizards (D:1)
  3 kobolds (D:1)
  5 rats (D:1)
34 creatures vanquished.

Notes
Turn   | Place    | Note
-------+----------+-------------------------------------------
     0 | D:1      | KamiKatze the Draconian Berserker began the quest for the
                  | Orb.
     0 | D:1      | Reached XP level 1. HP: 19/19 MP: 1/1
   117 | D:1      | Reached XP level 2. HP: 23/26 MP: 2/2
   297 | D:1      | Reached ** piety under Trog
   348 | D:1      | Reached XP level 3. HP: 25/31 MP: 3/3
   376 | D:1      | Found a glowing golden altar of the Shining One.
   664 | D:2      | Reached skill level 1 in Throwing
   830 | D:2      | HP: 1/33 [poisoned by an adder]
   832 | D:2      | Slain by a hobgoblin

Illustrated notes

Levels and vault maps discovered:
D:1:      elethiomel_arrival_quiet, layout_rooms, tso_altar
D:2:      minmay_door_path, layout_basic, uniq_natasha

Skill      XL: |  1  2  3 |
---------------+----------+-----
Throwing       | 1 |  1.0
Dodging        | 3 |  3.0
Fighting       | |  3.8
Axes           | |  3.7

Action                   || total
-------------------------++-------
Melee: Hand axe          ||    88
       Tailslap          ||     8
Invok: Berserk           ||     1
  Use: Potion            ||     2
  Eat: Chunk             ||     1
Armor: Skin              ||    31
Dodge: Dodged            ||    66
